 Dungeon Crawl Stone Soup version 0.27.1-33-g824d729ab1 (webtiles) character file.

Game seed: 9419941648607353235

64 silentcrystal the Charlatan (level 3, 0/29 HPs)
             Began as a Draconian Artificer on Dec 23, 2021.
             Succumbed to an adder's poison
             ... on level 4 of the Dungeon.
             The game lasted 00:34:06 (3722 turns).

silentcrystal the Charlatan (Draconian Artificer)   Turns: 3722, Time: 00:34:07

Health: 0/29       AC:  5    Str: 14    XL:     3   Next: 91%
Magic:  3/3        EV: 12    Int: 12    God:
Gold:   104        SH:  0    Dex: 11    Spells: 2/2 levels left

rFire    . . .     SeeInvis .   C - +0 rapier
rCold    . . .     Faith    .   (no shield)
rNeg     . . .     Spirit   .   (armour unavailable)
rPois    .         Reflect  .   (helmet restricted)
rElec    .         Harm     .   (no cloak)
rCorr    .         Rampage  .   (no gloves)
Will     .....                  (no boots)
Stlth    ++........             (no amulet)
HPRegen  0.09/turn              (no ring)
MPRegen  0.08/turn              (no ring)

@: lethally poisoned (0 -> -7), flying
A: AC +5, unfitting armour, cold-blooded
a: no special abilities


You were on level 4 of the Dungeon.
You visited 1 branch of the dungeon, and saw 4 of its levels.

You collected 104 gold pieces.

Inventory:

Hand Weapons
 a - a +0 club
 e - a +0 hand axe
 h - a +0 short sword
 C - a +0 rapier (weapon)
 D - a +0 hunting sling
Missiles
 o - 17 bolts
 r - 19 stones (quivered)
 s - 14 boomerangs
 v - 7 silver javelins
Wands
 b - a wand of flame (11)
 c - a wand of charming (14)
Scrolls
 i - a scroll of enchant armour {unknown}
 j - 4 scrolls of identify {unknown}
 k - 2 scrolls of amnesia {unknown}
 q - a scroll of immolation {unknown}
 y - 2 scrolls of magic mapping
Potions
 f - a potion of magic {unknown}
 g - a potion of heal wounds {unknown}
 n - a potion of curing {unknown}
 p - 2 potions of brilliance {unknown}
 u - a potion of lignification {unknown}
Miscellaneous
 d - a piece from Xom's chessboard (15/15)


   Skills:
 + Level 2.0 Fighting
 + Level 1.1 Short Blades
 + Level 0.9 Axes
 + Level 2.5 Dodging
 + Level 1.7 Stealth
 + Level 3.3 Evocations


You had 2 spell levels left.
You didn't know any spells.
Your spell library contained the following spells:

 Spells                   Type           Power      Damage    Failure   Level
 Slow                     Hex            0%         N/A       45%         2
 Confusing Touch          Hex            0%         N/A       69%         3
 Conjure Flame            Conj/Fire      0%         6-21      69%         3
 Ignite Poison            Fire/Tmut/Pois 0%         N/A       69%         3
 Petrify                  Tmut/Erth      0%         N/A       97%         4
 Sticky Flame             Conj/Fire      0%         2d3       97%         4
 Metabolic Englaciation   Hex/Ice        0%         N/A       100%        5
 Yara's Violent Unravell  Hex/Tmut       0%         3d3       100%        5
 Statue Form              Tmut/Erth      0%         N/A       100%        6


Dungeon Overview and Level Annotations

Branches:
Dungeon (4/15)
 Temple: D:4-7

Altars:

Annotations:
D:4 3 runed translucent doors, Squirrel's ghost, amateur DsGl


Innate Abilities, Weirdness & Mutations

Your plain brown scales are hard. (AC +5)
You cannot fit into any form of body armour.
You are cold-blooded and may be slowed by cold attacks.


Message History

You drop a +0 leather armour.
You drop a +0 helmet.
An ogre comes into view. It is wielding a +0 giant club.
The ogre shouts!
An adder comes into view.
Throw: 20 stones
Press: ? - help, Q - select action, (/) - cycle Shift-Dir - straight line, f - ogre
Aim: an ogre, wielding a +0 giant club (72% to hit)
You throw a stone. The stone barely misses the ogre.
The adder hisses angrily.
Throw: 19 stones
Press: ? - help, Q - select action, (/) - cycle Shift-Dir - straight line, p - ogre
Okay, then.
Okay, then.
The ogre closely misses you.
Aiming: Throw Flame
Press: ? - help, Shift-Dir - straight line, f/p - ogre
Aim: an ogre, wielding a +0 giant club (86% to hit)
The puff of flame hits the ogre.
The ogre is moderately wounded.
The ogre hits you with a +0 giant club!!
Ouch! That really hurt!
* * * LOW HITPOINT WARNING * * *
Aiming: Charm
Press: ? - help, Shift-Dir - straight line, f/p - ogre
Aim: an ogre, wielding a +0 giant club (moderately wounded, chance to affect: 55%)
The ogre resists with significant effort.
The ogre barely misses you. The adder bites you.
* * * LOW HITPOINT WARNING * * *
You are lethally poisoned!
The adder poisons you!
Throw: 19 stones
Press: ? - help, Q - select action, (/) - cycle Shift-Dir - straight line, f/p - ogre
Aim: an ogre, wielding a +0 giant club (moderately wounded, 72% to hit)
Okay, then.
It was a potion of flight.
You feel very buoyant.
You fly up into the air.
You die...

#...................#.......
#............................
#.......#.............##.....
#####....)...........## .##.
#....[............# #
##..........####....
##...........# #....
#.#......SO.# ....
####....@##.## ..
#..........##..
##...............
#.......###...... #.........#
....... ......(...# .......
..#.#..... .......
..###............. ....##..
....


You could see an ogre and an adder.

Vanquished Creatures
  2 adders (D:4)
  An ufetubus (D:4)
  A dart slug (D:3)
  An orc (D:4)
  4 ball pythons
  2 bats
  2 endoplasms
  3 giant cockroaches
  A goblin (D:3)
  5 hobgoblins
  2 jackals (D:1)
  3 quokkas
  A frilled lizard (D:2)
  3 kobolds
  A quokka skeleton (D:4)
32 creatures vanquished.

Vanquished Creatures (others)
  2 plants (D:2)
2 creatures vanquished.

Grand Total: 34 creatures vanquished

Notes
Turn   | Place    | Note
-------+----------+-------------------------------------------
     0 | D:1      | silentcrystal the Draconian Artificer began the quest for
                  | the Orb.
     0 | D:1      | Reached XP level 1. HP: 16/16 MP: 1/1
  1302 | D:1      | Reached XP level 2. HP: 23/23 MP: 2/2
  2188 | D:2      | Reached skill level 1 in Stealth
  2914 | D:3      | Found a faded altar of an unknown god.
  3025 | D:3      | Reached XP level 3. HP: 27/28 MP: 3/3
  3227 | D:3      | Reached skill level 1 in Short Blades
  3405 | D:4      | Found a runed translucent gate.
  3410 | D:4      | Found a runed translucent gate.
  3410 | D:4      | Found a runed translucent gate.
  3411 | D:4      | Noticed Squirrel's ghost (amateur DsGl)
  3707 | D:4      | Noticed an ogre
  3722 | D:4      | Succumbed to an adder's poison

Illustrated notes

Levels and vault maps discovered:
D:1:      amcnicky_arrival_underground_garden, layout_loops_ring,
          minmay_misc_feat_rows, dk_noncrumbling_2, dk_noncrumbling_4
D:2:      cheibrodos_old_hovel, layout_basic
D:3:      layout_basic, hellmonk_ecumenical_altar_inner_sanctum
D:4:      layout_cave_pools, gammafunk_ghost_necromancy, serial_park_tiny_1,
          minmay_between, uniq_natasha

Skill      XL: |  1  2  3 |
---------------+----------+-----
Stealth        | 1 |  1.7
Short Blades   | 1 |  1.1
Fighting       | 2 |  2.0
Axes           | |  0.9
Dodging        | |  2.5
Evocations     | |  3.3

Action                   || total
-------------------------++-------
Melee: Club              ||    18
       Short sword       ||   111
       Tailslap          ||    16
       Hand axe          ||    23
Throw: Stone             ||    26
Evoke: Wand              ||     5
  Use: Scroll            ||     1
       Potion            ||     1
 Stab: Sleeping          ||     1
Armor: Skin              ||    46
Dodge: Dodged            ||   122
